 Dungeon Crawl Stone Soup version 0.21.1-1-g345015fe64 (webtiles) character file.

484 Kohma the Chopper (level 6, -15/56 HPs)
             Began as a Minotaur Berserker on June 19, 2018.
             Was a Priest of Trog.
             Demolished by a two-headed ogre
             ... wielding a +0 giant spiked club
              (19 damage)
             ... on level 4 of the Dungeon.
             The game lasted 00:09:01 (3521 turns).

Kohma the Chopper (Minotaur Berserker)              Turns: 3521, Time: 00:09:01

Health: -15/56     AC:  4    Str: 21    XL:     6   Next: 88%
Magic:  5/5        EV: 13    Int:  4    God:    Trog [***...]
Gold:   139        SH:  0    Dex: 12    Spells: 5/5 levels left

rFire    . . .     SeeInvis +   t - -2 hand axe (curse)
rCold    . . .     Gourm    .   (no shield)
rNeg     . . .     Faith    .   v - +0 leather armour {MR+}
rPois    .         Spirit   .   (helmet restricted)
rElec    .         Reflect  .   (no cloak)
rCorr    .         Harm     .   (no gloves)
MR       +....                  l - +0 pair of boots
Stlth    +.........             (no amulet)
HPRegen  0.18/turn              (no ring)
MPRegen  0.09/turn              o - ring of see invisible

@: no status effects
A: retaliatory headbutt, horns 2
a: Berserk, Trog's Hand, Burn Spellbooks, Renounce Religion


You were on level 4 of the Dungeon.
You worshipped Trog.
Trog was most pleased with you.
You were not hungry.

You visited 1 branch of the dungeon, and saw 4 of its levels.

You collected 139 gold pieces.

Inventory:

Hand Weapons
 a - a +0 hand axe
 e - a +0 war axe
 j - a +0 mace of holy wrath
 t - a cursed -2 hand axe (weapon)
 u - a +0 war axe
Missiles
 x - 18 bolts
Armour
 k - a +0 leather armour of positive energy
 l - a +0 pair of boots (worn)
 m - a +0 scale mail
 r - a +2 leather armour of poison resistance
 v - a +0 leather armour of magic resistance (worn)
Jewellery
 d - a cursed ring of loudness {unknown}
 o - a ring of see invisible (right hand)
Wands
 n - a wand of iceblast (5)
 w - a wand of paralysis (11)
Scrolls
 g - 2 scrolls of identify
 q - a scroll of teleportation {unknown}
Potions
 b - a potion of flight
 f - 3 potions of might {unknown}
 h - 3 potions of curing {unknown}
 p - a potion of heal wounds {unknown}
Comestibles
 c - 6 rations
 i - 13 chunks of flesh


   Skills:
 + Level 5.3 Fighting
 * Level 6.4 Axes
 + Level 4.5 Armour
 + Level 4.1 Dodging


You had 5 spell levels left.
You didn't know any spells.

Dungeon Overview and Level Annotations

Branches:
Dungeon (4/15)             Temple (0/1) D:4

Altars:
Ashenzari
Elyvilon
Vehumet
The Shining One


Innate Abilities, Weirdness & Mutations

You reflexively headbutt those who attack you in melee.
You have a pair of horns on your head.


Message History

Aim: a two-headed ogre, wielding a giant spiked club and a giant club (chance to defeat MR: 28%)
The two-headed ogre easily resists.
The two-headed ogre closely misses you. x2
Unknown command.
You can't unwield your weapon to draw a new one!
Evoke which item? (* to show all) (? for menu, Esc to quit)
Aiming: Paralyse
Press: ? - help, Shift-Dir - straight line, f/p - two-headed ogre
Aim: a two-headed ogre, wielding a giant spiked club and a giant club (chance to defeat MR: 28%)
The two-headed ogre easily resists.
The two-headed ogre closely misses you.
The two-headed ogre hits you with a giant club!
* * * LOW HITPOINT WARNING * * *
You can't unwield your weapon to draw a new one!
Evoke which item? (* to show all) (? for menu, Esc to quit)
Aiming: Paralyse
Press: ? - help, Shift-Dir - straight line, f/p - two-headed ogre
Aim: a two-headed ogre, wielding a giant spiked club and a giant club (chance to defeat MR: 28%)
The two-headed ogre easily resists.
Found 16 stones.
The two-headed ogre hits you with a giant spiked club!!
You die...

####.###.# ...###.#.##.#
...##.###...#
#..###.#.#### #..# ##.##
#..# #.# +..# #.# #(.#
#.# # #.@# #.#
######.O####.#
........#....#
.###.##.#.#### #....#.#
####.#.####### #.#
##.........#### #.#
##......##.....#
#####.####..............#


You could see a two-headed ogre.

Vanquished Creatures
  A scorpion (D:4)
  A crimson imp (D:4)
  A jelly (D:3)
  2 orc priests (D:3)
  Ijyb (D:3)
  Terence (D:3)
  3 worker ants (D:4)
  4 gnolls (D:2)
  6 adders
  An ooze (D:3)
  2 worms (D:2)
  3 leopard geckos
  10 orcs
  2 giant cockroaches
  8 goblins
  9 hobgoblins
  3 jackals (D:3)
  A quokka (D:3)
  9 bats
  3 frilled lizards
  3 goblin skeletons (D:4)
  A goblin zombie (D:4)
  2 hobgoblin zombies (D:4)
  2 kobolds
  A kobold zombie (D:4)
  An orc skeleton (D:4)
  An orc zombie (D:4)
  A quokka skeleton (D:4)
  11 rats
94 creatures vanquished.

Notes
Turn   | Place    | Note
-------+----------+-------------------------------------------
     0 | D:1      | Kohma the Minotaur Berserker began the quest for the Orb.
     0 | D:1      | Reached XP level 1. HP: 19/19 MP: 0/0
   122 | D:1      | Reached XP level 2. HP: 15/27 MP: 1/1
   935 | D:1      | Reached skill level 4 in Axes
  1236 | D:2      | Reached ** piety under Trog
  1237 | D:2      | Reached XP level 3. HP: 33/33 MP: 2/2
  1428 | D:2      | Reached XP level 4. HP: 31/40 MP: 3/3
  1626 | D:2      | Found a radiant altar of Vehumet.
  2052 | D:3      | Noticed Ijyb
  2064 | D:3      | Killed Ijyb
  2064 | D:3      | Reached skill level 5 in Axes
  2064 | D:3      | Reached XP level 5. HP: 47/47 MP: 4/4
  2188 | D:3      | Found a white marble altar of Elyvilon.
  2227 | D:3      | Noticed Terence
  2241 | D:3      | Killed Terence
  2340 | D:3      | Reached *** piety under Trog
  2345 | D:3      | Found a shattered altar of Ashenzari.
  2353 | D:3      | Reached XP level 6. HP: 55/55 MP: 5/5
  2651 | D:3      | Reached skill level 5 in Fighting
  2838 | D:4      | Reached skill level 6 in Axes
  3346 | D:4      | Found a staircase to the Ecumenical Temple.
  3394 | D:4      | Found a glowing golden altar of the Shining One.
  3484 | D:4      | Noticed a two-headed ogre
  3511 | D:4      | HP: 2/56 [two-headed ogre/giant spiked club (17)]
  3521 | D:4      | Demolished by a two-headed ogre

Skill      XL: |  1  2  3  4  5  6 |
---------------+-------------------+-----
Fighting       | 4 5 |  5.3
Axes           | 4 5 6 |  6.4
Armour         | 3 4 |  4.5
Dodging        | 3 4 |  4.1

Action                   |  1- 3 |  4- 6 || total
-------------------------+-------+-------++-------
Melee: Hand axe          |    72 |   130 ||   202
       Headbutt          |    11 |    30 ||    41
Invok: Berserk           |       |     4 ||     4
       Burn Spellbooks   |       |     1 ||     1
Evoke: Wand              |       |     3 ||     3
  Use: Scroll            |       |     4 ||     4
  Eat: Chunk             |     2 |     5 ||     7
       Ration            |       |     2 ||     2
Armor: Animal skin       |    12 |       ||    12
       Ring mail         |     4 |     1 ||     5
       Scale mail        |       |    44 ||    44
       Leather armour    |       |     6 ||     6
Dodge: Dodged            |    47 |    94 ||   141
